 Dungeon Crawl Stone Soup version 0.29.0-13-gc9e81de378 (webtiles) character file.

Game seed: 14813958792758982033

11746 snetch the Cleaver (level 11, 0/99 HPs)
             Began as a Minotaur Berserker on Sept 8, 2022.
             Was a High Priest of Trog.
             Killed from afar by a manticore (11 damage)
             ... with a volley of spikes
             ... on level 11 of the Dungeon on Sept 9, 2022.
             The game lasted 00:42:36 (10096 turns).

snetch the Cleaver (Minotaur Berserker)            Turns: 10096, Time: 00:42:36

Health: 0/99       AC: 25    Str: 30    XL:     11   Next: 53%
Magic:  10/10      EV: 11    Int:  4    God:    Trog [*****.]
Gold:   561        SH:  0    Dex:  9    Spells: 10/10 levels left

rFire   + . .      SeeInvis .   a - +4 battleaxe (flame)
rCold   . . .      Faith    .   (shield currently unavailable)
rNeg    . . .      Spirit   .   o - +4 chain mail "Ceirot" {Rampage Str+3 Stlth+}
rPois   .          Reflect  .   (helmet restricted)
rElec   .          Harm     .   J - +1 cloak {rCorr}
rCorr   +          Rampage  +   K - +0 pair of gloves
Will    .....                   k - +0 pair of boots
Stlth   ..........              (no amulet)
HPRegen 0.26/turn               u - +4 ring of protection
MPRegen 0.12/turn               n - ring of protection from fire

@: spiked
A: horns 2, retaliatory headbutt
a: Renounce Religion, Berserk, Trog's Hand, Brothers in Arms


You were on level 11 of the Dungeon.
You worshipped Trog.
Trog was extremely pleased with you.
You visited 2 branches of the dungeon, and saw 12 of its levels.
You also visited: Sewer and Bailey.

You collected 780 gold pieces.
You spent 219 gold pieces at shops.

Inventory:

Hand Weapons
 a - a +4 battleaxe of flaming (weapon)
 b - a +2 morningstar of flaming
 c - a +4 spear
 d - the +3 trident "Poplat" {vorpal, Drain rF+ Int+4}
   (You took it off a spriggan on level 9 of the Dungeon)

   It inflicts extra damage upon your enemies.
   Int:       It affects your intelligence (+4).
   rF:        It protects you from fire.
   Drain:     It drains your maximum health when unequipped.
 e - the +5 hand axe "Woso" {spect, rN+}
   (You found it on level 10 of the Dungeon)

   When its wielder attacks, the weapon's spirit leaps out and strikes again.
   The spirit shares a part of any damage it takes with its wielder.
   rN:        It protects you from negative energy.
Missiles
 i - 37 poisoned darts
 j - 119 stones
 s - 3 boomerangs (quivered)
 y - 4 javelins
 C - 3 silver javelins
 L - 3 curare-tipped darts
 P - 2 throwing nets
Armour
 k - a +0 pair of boots (worn)
 o - the +4 chain mail "Ceirot" (worn) {Rampage Str+3 Stlth+}
   (You found it in a bailey)

   Str:       It affects your strength (+3).
   Rampage:   It bestows one free step when moving towards enemies.
   Stlth:     It makes you more stealthy.
 J - a +1 cloak of preservation (worn)
 K - a +0 pair of gloves (worn)
Jewellery
 n - a ring of protection from fire (right hand)
 u - a +4 ring of protection (left hand)
 E - a ring of protection from cold
Wands
 B - a wand of quicksilver (2)
 D - a wand of mindburst (8)
 O - a wand of flame (53)
 W - a wand of paralysis (27)
Scrolls
 f - 7 scrolls of teleportation {unknown}
 g - 2 scrolls of poison {unknown}
 q - a scroll of vulnerability {unknown}
 r - 2 scrolls of magic mapping {unknown}
 t - a scroll of amnesia {unknown}
 v - 5 scrolls of fear {unknown}
 w - 2 scrolls of blinking {unknown}
 H - 6 scrolls of identify {unknown}
 M - a scroll of acquirement {unknown}
 N - 3 scrolls of enchant armour {unknown}
 Q - a scroll of torment {unknown}
 U - a scroll of fog {unknown}
 Y - 2 scrolls of immolation {unknown}
Potions
 l - a potion of haste {unknown}
 m - 2 potions of magic {unknown}
 p - 11 potions of curing
 x - 4 potions of flight
 z - a potion of ambrosia {unknown}
 A - 3 potions of brilliance {unknown}
 F - 3 potions of might {unknown}
 G - a potion of degeneration {unknown}
 I - 3 potions of heal wounds {unknown}
 R - a potion of mutation {unknown}
 S - 4 potions of lignification
 T - a potion of cancellation {unknown}
 V - 2 potions of invisibility {unknown}
 X - 2 potions of attraction {unknown}
 Z - a potion of berserk rage {unknown}
Miscellaneous
 h - a box of beasts (inert)


   Skills:
 + Level 10.1 Fighting
 + Level 13.4(14.2) Axes
 + Level 7.9(11.6) Maces & Flails
 + Level 2.1 Throwing
 + Level 10.4 Armour
 + Level 6.6 Dodging
 + Level 1.5 Stealth
 - Level 2.0 Shields
 + Level 0.1 Evocations


You had 10 spell levels left.
You didn't know any spells.
Your spell library contained the following spells:

 Spells                   Type           Power      Damage    Failure   Level
 Sandblast                Erth           0%         2d4       91%         1
 Blink                    Tloc           0%         N/A       97%         2
 Passwall                 Tmut/Erth      0%         N/A       97%         2
 Poisonous Vapours        Pois/Air       0%         N/A       97%         2
 Scorch                   Fire           0%         2d5       97%         2
 Gell's Gravitas          Tloc           0%         N/A       100%        3
 Ignite Poison            Fire/Tmut/Pois 0%         N/A       100%        3
 Lesser Beckoning         Tloc           0%         N/A       100%        3
 Mephitic Cloud           Conj/Pois/Air  0%         N/A       100%        3
 Stone Arrow              Conj/Erth      0%         3d7       100%        3
 Teleport Other           Tloc           0%         N/A       100%        3
 Corpse Rot               Necr/Pois/Air  0%         N/A       100%        4
 Dispel Undead            Necr           0%         3d6       100%        4
 Flame Wave               Conj/Fire      0%         2d4       100%        4
 Freezing Cloud           Conj/Ice/Air   0%         6-21      100%        5
 Manifold Assault         Tloc           0%         N/A       100%        5
 Summon Forest            Summ/Tloc      0%         N/A       100%        5
 Summon Mana Viper        Hex/Summ       0%         N/A       100%        5
 Death Channel            Necr           0%         N/A       100%        6
 Summon Cactus Giant      Summ           0%         N/A       100%        6


Dungeon Overview and Level Annotations

Branches:
Dungeon (11/15)            Temple (1/1) D:5            Lair (0/5) D:10
  Sewer (visited)          Bailey (visited)
    Orc: D:9-12

Altars:
Ashenzari
Cheibriados
Dithmenos
Elyvilon
Fedhas
Gozag
Hepliaklqana
Kikubaaqudgha
Makhleb
Nemelex Xobeh
Okawaru
Qazlal
Ru
Sif Muna
Trog
Uskayaw
Vehumet
Wu Jian
Xom
Yredelemnul
Zin
The Shining One

Shops:
D:3 *   D:4 (:*[


Innate Abilities, Weirdness & Mutations

You have a pair of horns on your head.
You reflexively headbutt those who attack you in melee.


Message History

The fire dragon is lightly wounded.
Throw: 3 boomerangs
Press: ? - help, Q - select action, (/) - cycle Shift-Dir - straight line, f/p - fire dragon
Aim: a fire dragon (lightly wounded, 69% to hit)
You throw a boomerang.
The boomerang barely misses the fire dragon.
You feel the effects of Trog's Hand fading.
A manticore comes into view.
You barely miss the fire dragon.
The fire dragon is lightly wounded.
The fire dragon bites you!
The fire dragon claws you but does no damage.
The fire dragon tramples you but does no damage.
You hit the fire dragon but do no damage.
The fire dragon is lightly wounded.
The fire dragon bites you!
The fire dragon claws you but does no damage.
The fire dragon barely misses you.
You barely miss the fire dragon. Your headbutt misses the fire dragon.
The fire dragon bites you but does no damage.
The fire dragon claws you but does no damage.
The fire dragon tramples you but does no damage.
You slash the fire dragon! You burn the fire dragon.
You headbutt the fire dragon, but do no damage.
The fire dragon is lightly wounded.
The fire dragon bites you. The fire dragon claws you!
* * * LOW HITPOINT WARNING * * *
The fire dragon tramples you.
* * * LOW HITPOINT WARNING * * *
You stumble backwards!
The manticore flicks its tail.
The volley of spikes hits you!
The barbed spikes become lodged in your body.
* * * LOW HITPOINT WARNING * * *
Your two-headed ogre goes berserk!
Your skin stops crawling.
You feel less strong-willed.
The manticore flicks its tail.
The volley of spikes hits you!
The barbed spikes become lodged in your body.
You die...

# .... ##. #. .).# #.###
#..# ####.⌠.# # #.#..
.#..#. ..#H:.#.. ##....
...... ........
.....###......###.....
##........###..O...##
...........#....D)..#
####....# #..#.@#..#
#.......#######..####
#....#..#..#..#.†#).#
####†#.....#........# ....
####.#....###.....)###....
.....##.......###.......#
########.......#.........#
.## #....#..#..#..[#..#
..## #....#######...####


You could see a fire dragon (ally target), a manticore and a friendly two-headed
ogre (summoned, berserk).

Vanquished Creatures
  A two-headed ogre (D:9)
  A centaur warrior (D:11)
  The ghost of videwesjr the Cleaver, a novice MiFi of Okawaru (D:9)
  A deep elf pyromancer (D:11)
  2 ugly things (D:11)
  A manticore (D:11)
  A gargoyle (Bailey)
  A kobold demonologist (D:10)
  2 trolls (D:11)
  A shadow (D:9)
  2 spriggans (D:9)
  Sigmund (D:2)
  A yak (D:11)
  2 wyverns
  3 vampires
  Eustachio (D:5)
  Menkaure (D:5)
  Edmund (D:5)
  3 acid dragons
  A water moccasin (D:5)
  Duvessa (D:6)
  7 orc warriors
  A black bear (D:7)
  An ice beast (D:7)
  A wolf (D:9)
  4 centaurs
  A phantom (D:5)
  5 kobold brigands
  Blork the orc (D:5)
  6 bullfrogs
  A scorpion (D:5)
  2 gnoll sergeants
  Dowan (D:6)
  4 wights (D:8)
  12 killer bees
  8 vampire bats (Bailey)
  5 wolf zombies (Bailey)
  A hound (D:4)
  3 jellies
  3 orc priests
  Crazy Yiuf (D:5)
  A gnoll bouda (D:7)
  3 iguanas
  Natasha (thrice) (D:2)
  10 orc wizards
  14 gnolls
  8 adders
  4 river rats
  A shadow imp (D:5)
  2 white imps
  2 ufetubi
  4 worms
  3 dart slugs
  31 orcs
  3 bats (D:1)
  5 endoplasms
  6 giant cockroaches
  6 hobgoblins
  2 jackals (Sewer)
  A quokka (D:2)
  11 ball pythons
  3 frilled lizards
  7 goblins
  24 kobolds
  17 orc zombies (Bailey)
  6 rats
274 creatures vanquished.

Vanquished Creatures (collateral kills)
  A steam dragon (D:8)
  2 kobold brigands
  3 wights (D:8)
  An orc wizard (D:8)
  4 orcs (D:8)
  3 kobolds
14 creatures vanquished.

Vanquished Creatures (others)
  3 plants
3 creatures vanquished.

Grand Total: 291 creatures vanquished

Notes
Turn   | Place    | Note
-------+----------+-------------------------------------------
     0 | D:1      | snetch the Minotaur Berserker began the quest for the Orb.
     0 | D:1      | Reached XP level 1. HP: 19/19 MP: 0/0
    38 | D:1      | Found a faded altar of an unknown god.
   153 | D:2      | Noticed Natasha
   160 | D:2      | Reached XP level 2. HP: 19/27 MP: 1/1
   161 | D:2      | Noticed a crimson imp
   162 | D:2      | Killed Natasha
   163 | D:2      | Reached skill level 4 in Axes
   163 | D:2      | Reached XP level 3. HP: 25/34 MP: 2/2
   196 | D:2      | Noticed Natasha
   205 | D:2      | Killed Natasha
   230 | D:2      | Noticed Natasha
   238 | D:2      | Killed Natasha
   239 | D:2      | Reached XP level 4. HP: 37/41 MP: 3/3
   397 | D:2      | Found a blossoming altar of Fedhas.
   613 | D:1      | Reached ** piety under Trog
  1083 | D:3      | Reached skill level 5 in Axes
  1219 | D:2      | Noticed Sigmund
  1241 | D:2      | Killed Sigmund
  1242 | D:2      | Reached skill level 5 in Fighting
  1242 | D:2      | Reached skill level 1 in Maces & Flails
  1242 | D:2      | Reached skill level 1 in Throwing
  1242 | D:2      | Reached XP level 5. HP: 45/48 MP: 4/4
  1242 | D:2      | Reached XP level 6. HP: 52/56 MP: 5/5
  1378 | D:3      | Found Hoimelyll's Assorted Antiques.
  1393 | D:3      | Bought a brass ring for 95 gold pieces
  1393 | D:3      | Bought a murky green potion for 17 gold pieces
  1393 | D:3      | Bought a grey potion for 17 gold pieces
  1445 | D:3      | Found a bloodstained altar of Trog.
  1572 | D:4      | Found Xaubux's Book Emporium.
  1631 | D:4      | Found Gajoc's Weapon Boutique.
  1707 | D:4      | Found a glowing drain.
  1744 | Sewer    | Entered a sewer
  1844 | Sewer    | Reached XP level 7. HP: 56/61 MP: 6/6
  1930 | Sewer    | Found a white marble altar of Elyvilon.
  2077 | D:3      | Reached *** piety under Trog
  2429 | D:4      | Found Asheq's General Store.
  2451 | D:4      | Found Raaduw's Armour Shoppe.
  2522 | D:5      | Entered Level 5 of the Dungeon
  2540 | D:4      | Found a sparkling altar of Nemelex Xobeh.
  2932 | D:4      | Reached skill level 5 in Maces & Flails
  3051 | D:5      | Noticed Edmund
  3059 | D:5      | Killed Edmund
  3110 | D:5      | Reached skill level 5 in Armour
  3172 | D:5      | Reached XP level 8. HP: 70/70 MP: 7/7
  3376 | D:5      | Noticed Eustachio
  3388 | D:5      | Killed Eustachio
  3390 | D:5      | Noticed Menkaure
  3397 | D:5      | Killed Menkaure
  3494 | D:5      | Found a runed translucent door.
  3495 | D:5      | Noticed Crazy Yiuf
  3507 | D:5      | Killed Crazy Yiuf
  3842 | D:5      | Noticed Blork the orc
  3847 | D:5      | Killed Blork the orc
  3848 | D:5      | Reached skill level 6 in Axes
  4003 | D:5      | Found a staircase to the Ecumenical Temple.
  4015 | Temple   | Entered the Ecumenical Temple
  4886 | D:7      | Reached **** piety under Trog
  4891 | D:7      | Reached skill level 1 in Stealth
  4897 | D:7      | Reached skill level 7 in Axes
  4897 | D:7      | Reached XP level 9. HP: 38/79 MP: 8/8
  4902 | D:7      | Found a shimmering blue altar of Sif Muna.
  5187 | D:6      | Noticed Duvessa
  5188 | D:6      | Noticed Dowan
  5197 | D:6      | Killed Duvessa
  5208 | D:6      | Killed Dowan
  5742 | D:7      | Found a stormy altar of Qazlal.
  5758 | D:8      | Found Zin's Purification Station.
  5764 | D:8      | Found a glowing silver altar of Zin.
  5769 | D:8      | Bought a potion of curing for 90 gold pieces
  5813 | D:8      | Reached skill level 8 in Axes
  5999 | D:7      | Reached skill level 9 in Axes
  6500 | D:9      | Noticed a two-headed ogre
  6510 | D:9      | Killed a two-headed ogre
  6511 | D:9      | Reached skill level 10 in Axes
  6511 | D:9      | Reached skill level 5 in Dodging
  6511 | D:9      | Reached XP level 10. HP: 70/90 MP: 9/9
  6896 | D:8      | Found a blossoming altar of Fedhas.
  7345 | D:9      | Reached ***** piety under Trog
  7369 | D:10     | Entered Level 10 of the Dungeon
  7416 | D:10     | Found a broken altar of Ashenzari.
  7475 | D:10     | Identified the +5 hand axe "Woso" {spect, rN+}
  7530 | D:10     | Found a flagged portal.
  7559 | Bailey   | Entered a bailey
  7640 | Bailey   | Noticed a gargoyle
  7647 | Bailey   | Killed a gargoyle
  7648 | Bailey   | Reached skill level 11 in Axes
  7840 | Bailey   | Identified the +4 chain mail "Ceirot" {Rampage Str+3
                  | Stlth+}
  8054 | D:10     | Found a staircase to the Lair.
  8253 | D:9      | Found a burning altar of Makhleb.
  8253 | D:9      | Found a glowing golden altar of the Shining One.
  8295 | D:9      | Found a runed translucent door.
  8300 | D:9      | Identified the +3 trident "Poplat" {vorpal, Drain rF+
                  | Int+4}
  8300 | D:9      | Noticed videwesjr's ghost (novice MiFi)
  8317 | D:9      | Reached skill level 1 in Shields
  8335 | D:9      | Killed videwesjr's ghost
  8335 | D:9      | Received a gift from Trog
  8691 | D:9      | Found an iron altar of Okawaru.
  9006 | D:10     | Found an ancient bone altar of Kikubaaqudgha.
  9162 | D:10     | Reached XP level 11. HP: 99/99 MP: 10/10
  9268 | D:11     | Reached skill level 12 in Axes
 10043 | D:11     | Noticed a white ugly thing
 10049 | D:11     | Killed a white ugly thing
 10052 | D:11     | Reached skill level 10 in Armour
 10057 | D:11     | Noticed a cyan ugly thing
 10061 | D:11     | Killed a cyan ugly thing
 10062 | D:11     | Noticed a centaur warrior
 10065 | D:11     | Noticed a deep elf pyromancer
 10067 | D:11     | Killed a centaur warrior
 10068 | D:11     | Reached skill level 10 in Fighting
 10068 | D:11     | Reached skill level 13 in Axes
 10075 | D:11     | Killed a deep elf pyromancer
 10085 | D:11     | Noticed a fire dragon
 10096 | D:11     | Killed from afar by a manticore

Illustrated notes

Levels and vault maps discovered:
D:1:      ncdulo_halloftheorcs, layout_loops_ring,
          ebering_ecumenical_altar_rust, minivault_5
D:2:      layout_rooms, basic_altar, uniq_sigmund, uniq_natasha
D:3:      layout_basic, trog_three_pillars_becter, serial_shops,
          nicolae_shop_window_shopping, minmay_misc_feat_square
D:4:      layout_basic, nemelex_diamond_rough_becter, portal_sewer_entry_b,
          serial_shops, shop, shop, nicolae_shop_bloodbath_and_beyond,
          nicolae_stop_n_shop_1
D:5:      layout_loops_ring, minmay_temple_entry_offerings,
          serial_bayou_lagoon_a, uniq_crazy_yiuf_cottage, uniq_menkaure,
          uniq_blork_the_orc, uniq_edmund, uniq_eustachio
D:6:      layout_loops_ring, minmay_misc_feat_iff, uniq_duvessa
D:7:      layout_rooms, mainiacjoe_overflow_small_starburst,
          mainiacjoe_overflow_boulevard, serial_park_tiny_1
D:8:      layout_rooms, fedhas_altar_fruit_tree, zin_purify,
          minmay_stone_trees_medium
D:9:      layout_roguey, nicolae_overflow_two_pavilions, amcnicky_altar_gilded,
          ebering_ghost_funeral_grove, minmay_strange_pillars,
          hangedman_decor_push
D:10:     layout_grid_maze, mainiacjoe_overflow_surrounded_room,
          nicolae_overflow_hidden_temple, lair_entry_dummy, enter_bailey_4
D:11:     hangedman_cross_cluster, layout_loops_corners, grunt_ministairs_12,
          corexii_hall_statues_l
Temple:   nicolae_temple_bog_church

Skill      XL: |  1  2  3  4  5  6  7  8  9 10 11 |
---------------+----------------------------------+-----
Fighting       | 4 5 6 7 8 9 10 | 10.1
Axes           | 4 5 7 10 11 13 | 13.4
Armour         | 3 4 5 6 8 9 10 | 10.4
Maces & Flails | 1 4 6 7 |  7.9
Throwing       | 1 2 |  2.1
Dodging        | 3 4 5 6 |  6.6
Stealth        | 1 |  1.5
Shields        | 2 |  2.0
Evocations     | |  0.1

Action                   |  1- 3 |  4- 6 |  7- 9 | 10-12 || total
-------------------------+-------+-------+-------+-------++-------
Melee: Hand axe          |    26 |       |   186 |    60 ||   272
       Headbutt          |     5 |    18 |    44 |    37 ||   104
       Whip              |       |   146 |    88 |    28 ||   262
       Punch             |       |       |     2 |     1 ||     3
       War axe           |       |       |       |    64 ||    64
       Battleaxe         |       |       |       |    84 ||    84
Throw: Stone             |     2 |       |       |       ||     2
       Dart              |     7 |     3 |     2 |     6 ||    18
       Boomerang         |       |       |       |     4 ||     4
Invok: Trog's Hand       |       |     1 |     1 |     2 ||     4
       Berserk           |       |     1 |       |     1 ||     2
       Brothers in Arms  |       |       |     2 |     1 ||     3
Evoke: Box of beasts     |       |       |       |     1 ||     1
 Stab: Distracted        |       |       |       |     1 ||     1
Armor: Chain mail        |     9 |     5 |       |    97 ||   111
       Animal skin       |     4 |       |       |       ||     4
       Pearl dragon scal |       |    71 |   183 |   104 ||   358
Dodge: Dodged            |    18 |    64 |   122 |   161 ||   365
Block: Kite shield       |       |       |       |    25 ||    25
